 Dungeon Crawl Stone Soup version 0.31-a0-354-g827e0957a7 (webtiles) character file.

Game seed: 15980714334573920093

17 Bnni the Ruffian (level 2, 18/18 HPs)
             Began as an Octopode Shapeshifter on July 24, 2023.
             Was a Follower of Fedhas.
             Quit the game on level 1 of the Dungeon.
             The game lasted 00:00:52 (408 turns).

Bnni the Ruffian (Octopode Shapeshifter)             Turns: 408, Time: 00:00:52

Health: 18/18      AC:  1    Str: 14    XL:     2   Next: 62%
Magic:  2/2        EV: 13    Int: 10    God:    Fedhas [*.....]
Gold:   17         SH:  0    Dex: 12    Spells: 1/1 levels left

rFire   . .          .
                       - Unarmed
rCold   . . .        (no shield)
rNeg    . . .        (helmet currently unavailable)
rPois   .            (no amulet)
rElec   .            (no ring)
rCorr   .            (no ring)
SInv    .            (no ring)
Will    .....        (no ring)
Stlth   ++           (no ring)
HPRegen 0.23/turn    (no ring)
MPRegen 0.08/turn    (no ring)
                     (no ring)

%: no passive effects
@: beast-form
A: beast (slay +2), almost no armour, amphibious, 8 rings, camouflage 1,
gelatinous body 1, (nimble swimmer 1), tentacles
a: Begin Untransformation, Renounce Religion


You were on level 1 of the Dungeon.
You worshipped Fedhas.
Fedhas was aware of your devotion.
You were a hulking beast.
You visited 1 branch of the dungeon, and saw 1 of its levels.

You collected 17 gold pieces.

Inventory:

Armour
 f - a +0 buckler
Talismans
 b - a beast talisman
Scrolls
 c - a scroll of immolation {unknown}
Potions
 a - a potion of lignification
 d - a potion of resistance {unknown}
 e - a potion of curing {unknown}


   Skills:
 + Level 1.3 Fighting
 - Level 2.0 Dodging
 * Level 3.3 Unarmed Combat
 * Level 3.2 Shapeshifting


You had one spell level left.
You didn't know any spells.
Your spell library contained the following spells:

 Spells                   Type           Power      Damage    Failure   Level
 Gell's Gravitas          Tloc           0%         N/A       75%         3
 Teleport Other           Tloc           0%         N/A       75%         3
 Dispersal                Tloc           0%         N/A       100%        6


Dungeon Overview and Level Annotations

Branches:
Dungeon (1/15)

Altars:
Fedhas


Innate Abilities, Weirdness & Mutations

You are a hulking beast.
Your limbs bulge with bestial killing power. (Slay +2)
You cannot wear most types of armour.
You are amphibious.
You can wear up to eight rings at the same time.
Your skin changes colour to match your surroundings (Stealth+).
Your rubbery body absorbs attacks. (AC +1, EV +1)
((You are camouflaged when in or above water. (Stealth+)))
You have tentacles for arms and can constrict up to eight enemies at once.


Message History

The jackal is severely wounded.
The jackal bites you.
You barely miss the jackal. You grab the jackal.
The jackal is severely wounded.
You constrict the jackal, but do no damage.
A nearby plant withers and dies. x2; The jackal misses you.
The jackal bites you.
You tentacle-slap the jackal.
You kill the jackal!
A nearby plant withers and dies.
The jackal bites you.
The jackal bites you but does no damage.
You barely miss the jackal. You grab the jackal. You constrict the jackal.
The jackal completely misses you.
You tentacle-slap the jackal.
You kill the jackal!
No target in view!
e - a blue potion You open the door.
There is an open door here.
Found a faded altar of an unknown god.
Found a buckler.
You now have 17 gold pieces.
There are no items here.
A giant cockroach comes into view.
You see here a +0 buckler.
f - a +0 buckler An endoplasm comes into view.
The giant cockroach bites you but does no damage.
There is a faded altar of an unknown god here.
You tentacle-slap the giant cockroach.
You kill the giant cockroach!
There is a faded altar of an unknown god here.
This altar belongs to (a) Ru, (b) Gozag or (c) Fedhas, but you can't tell which.
Press the corresponding letter to learn more about a god, or press enter to convert or escape to cancel.
Okay, then.
There is a faded altar of an unknown god here.
This altar belongs to (a) Ru, (b) Gozag or (c) Fedhas, but you can't tell which.
Press the corresponding letter to learn more about a god, or press enter to convert or escape to cancel.
Fedhas accepts your prayer! Fedhas welcomes you!
The plants of the dungeon cease their hostilities.
Are you sure you want to abandon this character and quit the game? (Confirm with "yes".)

.............#
.............J#
..∩.....∩..∩..∩##
................##
.................#
#....∩..♣..∩..8##.
#..............#.#
#...............#
#♣..8..h..♣$.∩##
#.......†.....#
...............# ## #
#.∩..♣.....∩...# .#
#.#### #####...### .#
###.###### ##.....## .#
#........###.......##
.####.##...#.##.........#
..............'.........+


You could see an endoplasm (asleep).

Vanquished Creatures
  A ball python (D:1)
  A bat (D:1)
  2 endoplasms (D:1)
  A giant cockroach (D:1)
  2 goblins (D:1)
  3 jackals (D:1)
  A quokka (D:1)
  A frilled lizard (D:1)
  2 rats (D:1)
14 creatures vanquished.

Notes
Turn   | Place    | Note
-------+----------+-------------------------------------------
     0 | D:1      | Bnni the Octopode Shapeshifter began the quest for the Orb.
     0 | D:1      | Reached XP level 1. HP: 13/13 MP: 1/1
     2 | D:1      | Noticed a meteoran
     2 | D:1      | Noticed a demonspawn
     4 | D:1      | Noticed an armataur
     4 | D:1      | Noticed a tengu
     6 | D:1      | Noticed a demigod
     6 | D:1      | Noticed a vampire
     8 | D:1      | Noticed a merfolk
     8 | D:1      | Noticed a gargoyle
    10 | D:1      | Noticed an ogre
    12 | D:1      | Noticed a vine stalker
    12 | D:1      | Noticed a ghoul
    14 | D:1      | Noticed a naga
    14 | D:1      | Noticed an elf
    16 | D:1      | Noticed a felid
    16 | D:1      | Noticed a human
    18 | D:1      | Noticed a spriggan
    18 | D:1      | Noticed an octopode
    21 | D:1      | Noticed a formicid
    23 | D:1      | Noticed a minotaur
    25 | D:1      | Noticed an elf
    25 | D:1      | Noticed a troll
    27 | D:1      | Noticed a felid
    27 | D:1      | Noticed a tengu
   217 | D:1      | Reached XP level 2. HP: 18/18 MP: 2/2
   387 | D:1      | Found a faded altar of an unknown god.
   407 | D:1      | Prayed at the altar of an unknown god.
   407 | D:1      | Became a worshipper of Fedhas Madash
   407 | D:1      | Reached * piety under Fedhas
   408 | D:1      | Quit the game

Illustrated notes

Levels and vault maps discovered:
D:1:      kb_arrival_jail, layout_loops_corners,
          hellmonk_ecumenical_altar_arch_garden, minmay_splitting_lines,
          serial_bayou_pond_a, bh_walls_and_bars

Action                     || total
---------------------------++-------
  Melee: Unarmed           ||    22
         Constrict         ||     6
         Tentacles         ||     4
   Stab: Sleeping          ||     2
 Armour: Skin              ||     5
  Dodge: Dodged            ||     9

Table legend: (Time is in decaauts)
 A = Elapsed time spent in this place.
 B = Non-inter-level travel time spent in this place.
 C = Inter-level travel time spent in this place.
 D = Time resting spent in this place.
 E = Time spent auto-exploring this place.
 F = Levels seen in this place.
 G = Mean time per level.
                   A        B        C        D        E       F      G
               +--------+--------+--------+--------+--------+-----+--------+
         Total |    406 |    406 |      0 |      0 |    314 |   1 |  406.0 |
       Dungeon |    406 |    406 |      0 |      0 |    314 |   1 |  406.0 |
               +--------+--------+--------+--------+--------+-----+--------+

Top non-repeatable levels by time:
     D:1: 406 daAuts
